 Dungeon Sprint DCSS version 0.23.2-1-ga50397a6bc (webtiles) character file.

Game seed: 15797247154441992805

1739 Kobolds4U the Carver (level 8, -2/83 HPs)
             Began as a Minotaur Berserker on May 10, 2019.
             Was an Elder of Trog.
             Slain by a demonic crawler (7 damage)
             ... in the Dungeon (Sprint I: "Red Sonja").
             The game lasted 00:03:48 (999 turns).

Kobolds4U the Carver (Minotaur Berserker)            Turns: 999, Time: 00:03:49

Health: -2/83      AC: 15    Str: 22    XL:     8   Next: 77%
Magic:  7/7        EV: 11    Int:  4    God:    Trog [****..]
Gold:   175        SH:  0    Dex: 12    Spells: 7/7 levels left

rFire    . . .     SeeInvis .   a - +0 falchion
rCold    . . .     Gourm    .   (no shield)
rNeg     . . .     Faith    .   m - +0 plate armour
rPois    .         Spirit   .   (helmet restricted)
rElec    .         Reflect  .   (no cloak)
rCorr    .         Harm     .   (no gloves)
MR       ++...     NoTele   +   (no boots)
Stlth    ..........             (no amulet)
HPRegen  1.23/turn              (no ring)
MPRegen  0.10/turn              (no ring)

@: regenerating
A: retaliatory headbutt, horns 2
a: Berserk, Trog's Hand, Brothers in Arms, Renounce Religion


You were in the Dungeon.
You worshipped Trog.
Trog was greatly pleased with you.
You were not hungry.

You visited 1 branch You collected 405 gold pieces.
You spent 230 gold pieces at shops.

Inventory:

Hand Weapons
 a - a +0 falchion (weapon)
Armour
 b - a +0 animal skin
 m - a +0 plate armour (worn)
Scrolls
 l - a scroll of enchant weapon {unknown}
Potions
 d - a potion of curing
 e - a potion of heal wounds
 f - a potion of haste
 g - 2 potions of magic
 h - a potion of berserk rage
 k - a potion of lignification {unknown}


   Skills:
 + Level 12.1 Fighting
 + Level 14.0 Long Blades
 * Level 11.5 Armour
 - Level 8.8 Dodging


You had 7 spell levels left.
You didn't know any spells.
Your spell library was empty.

Dungeon Overview and Level Annotations

Branches:
Dungeon (1/1)

Altars:
Cheibriados
Dithmenos
Elyvilon
Fedhas
Gozag
Hepliaklqana
Kikubaaqudgha
Makhleb
Nemelex Xobeh
Okawaru
Qazlal
Ru
Sif Muna
Trog
Uskayaw
Vehumet
Wu Jian
Xom
Yredelemnul
Zin
The Shining One
Jiyva
Lugonu

Shops:
D [


Innate Abilities, Weirdness & Mutations

You reflexively headbutt those who attack you in melee.
You have a pair of horns on your head.


Message History

You hit the demonic crawler.
The demonic crawler is heavily wounded.
You hit the demonic crawler but do no damage.
The demonic crawler is heavily wounded.
The demonic crawler hits you but does no damage.
The demonic crawler closely misses you.
The demonic crawler hits you but does no damage.
You hit the demonic crawler but do no damage.
You headbutt the demonic crawler!
The demonic crawler is heavily wounded.
The demonic crawler hits you but does no damage. x3
You hit the demonic crawler but do no damage.
You headbutt the demonic crawler.
The demonic crawler is severely wounded.
The demonic crawler hits you.
* * * LOW HITPOINT WARNING * * *
The demonic crawler hits you.
* * * LOW HITPOINT WARNING * * *
The demonic crawler hits you!
You die...

##########################
#<.#..'†.#.@s..#__#..'...#
#..').#).')†#..'..'..#)..##+
#..#####'#####'#__####...'..
#..####..#...#(#### #####..
#..#__####..##.# #
#..#_____##'#_.+
#⌠⌠#_.∩...'..._#
####_..__##_.#'#
#_____###+#(#


You could see a demonic crawler.

Vanquished Creatures
  2 demonic crawlers (D)
  2 kobold demonologists (D)
  A slime creature (D)
  Sigmund (D)
  A yak (D)
  A floating eye (D)
  An ogre (D)
  A jelly (D)
  Ijyb (D)
11 creatures vanquished.

Notes
Turn   | Place    | Note
-------+----------+-------------------------------------------
     0 | D        | Kobolds4U the Minotaur Berserker began the quest for the
                  | Orb.
     0 | D        | Reached XP level 1. HP: 19/19 MP: 0/0
     1 | D        | Noticed Ijyb
     9 | D        | Killed Ijyb
     9 | D        | Reached skill level 5 in Fighting
     9 | D        | Reached skill level 5 in Long Blades
     9 | D        | Reached XP level 2. HP: 25/29 MP: 1/1
    51 | D        | Noticed an ogre
    54 | D        | Killed an ogre
    54 | D        | Reached skill level 7 in Long Blades
    54 | D        | Reached XP level 3. HP: 38/38 MP: 2/2
    54 | D        | Reached XP level 4. HP: 45/45 MP: 3/3
    94 | D        | Noticed Sigmund
   107 | D        | Killed Sigmund
   107 | D        | Reached ** piety under Trog
   107 | D        | Reached skill level 10 in Long Blades
   107 | D        | Reached XP level 5. HP: 39/55 MP: 4/4
   107 | D        | Reached XP level 6. HP: 44/62 MP: 5/5
   205 | D        | Found an ornate altar of the Wu Jian Council.
   205 | D        | Found a deep blue altar of Sif Muna.
   207 | D        | Found a radiant altar of Vehumet.
   232 | D        | Found Butiwone's Armour Emporium.
   232 | D        | Found an ancient bone altar of Kikubaaqudgha.
   232 | D        | Found a hazy altar of Hepliaklqana.
   232 | D        | Found a stormy altar of Qazlal.
   232 | D        | Found a hide-covered altar of Uskayaw.
   232 | D        | Found a blossoming altar of Fedhas.
   232 | D        | Found a bloodstained altar of Trog.
   232 | D        | Found an iron altar of Okawaru.
   232 | D        | Found a basalt altar of Yredelemnul.
   232 | D        | Found a glowing golden altar of the Shining One.
   232 | D        | Found a snail-covered altar of Cheibriados.
   232 | D        | Found a sacrificial altar of Ru.
   232 | D        | Found a glowing silver altar of Zin.
   232 | D        | Found a shadowy altar of Dithmenos.
   232 | D        | Found a white marble altar of Elyvilon.
   232 | D        | Noticed a yak
   233 | D        | Found an opulent altar of Gozag.
   237 | D        | Killed a yak
   237 | D        | Reached skill level 12 in Long Blades
   238 | D        | Found a sparkling altar of Nemelex Xobeh.
   242 | D        | Bought a +0 plate armour for 230 gold pieces
   323 | D        | Found a viscous altar of Jiyva.
   323 | D        | Found a corrupted altar of Lugonu.
   323 | D        | Noticed a slime creature
   324 | D        | Found a burning altar of Makhleb.
   324 | D        | Found a shimmering altar of Xom.
   341 | D        | Killed a slime creature
   341 | D        | Reached *** piety under Trog
   341 | D        | Reached skill level 10 in Fighting
   341 | D        | Reached skill level 5 in Armour
   341 | D        | Reached XP level 7. HP: 21/72 MP: 6/6
   583 | D        | Noticed a kobold demonologist
   583 | D        | Noticed a kobold demonologist
   584 | D        | Noticed an ice devil
   588 | D        | Killed a kobold demonologist
   588 | D        | Reached skill level 13 in Long Blades
   594 | D        | Killed a kobold demonologist
   594 | D        | Reached **** piety under Trog
   594 | D        | Reached XP level 8. HP: 82/82 MP: 7/7
   598 | D        | Noticed a demonic crawler
   598 | D        | Noticed a demonic crawler
   598 | D        | Noticed a demonic crawler
   598 | D        | Noticed a demonic crawler
   941 | D        | Killed a demonic crawler
   941 | D        | Reached skill level 10 in Armour
   987 | D        | Killed a demonic crawler
   987 | D        | Reached ***** piety under Trog
   987 | D        | Reached skill level 14 in Long Blades
   999 | D        | Slain by a demonic crawler

Skill      XL: |  1  2  3  4  5  6  7  8 |
---------------+-------------------------+-----
Fighting       | 5 6 8 10 11 12 | 12.1
Long Blades    | 5 7 10 12 13 14 | 14.0
Dodging        | 4 6 7 8 |  8.8
Armour         | 5 9 11 | 11.5

Action                   |  1- 3 |  4- 6 |  7- 9 || total
-------------------------+-------+-------+-------++-------
Melee: Falchion          |     9 |    35 |    43 ||    87
       Headbutt          |     1 |    13 |    19 ||    33
Invok: Berserk           |     1 |       |     2 ||     3
       Trog's Hand       |       |       |     1 ||     1
  Use: Scroll            |       |       |     1 ||     1
 Stab: Sleeping          |       |     1 |       ||     1
  Eat: Ration            |       |       |     1 ||     1
Armor: Animal skin       |     1 |       |       ||     1
       Plate armour      |       |     2 |    75 ||    77
Dodge: Dodged            |     2 |    10 |    46 ||    58
       Rpst.: Falchion   |     1 |     4 |     7 ||    12
